Map: Frozen Temple

Players

llllllllllll - Winner!

  • Race: Protoss Protoss
  • League: Platinum

Radcenzo

  • Race: Terran Terran
  • League: Platinum

VOD

Have the link to the VOD?

Description

Time

  • Played on: June 26, 2016, 5:21 p.m.
  • Length: 10:44
Show
View Real Time Build Order
Export as new Build Order

llllllllllll Protoss - Winner!

Build Orders:  

Get SALT Encoding   

  12  0:01  Probe (Chrono Boost)  
  13  0:12  Probe (Chrono Boost)  
  14  0:20  Pylon  
  14  0:23  Probe (Chrono Boost)  
  15  0:38  Gateway  
  15  0:44  Probe (Chrono Boost)  
  15  0:48  Assimilator  
  16  0:55  Probe (Chrono Boost)  
  17  0:59  Assimilator  
  17  1:05  Probe (Chrono Boost)  
  18  1:11  Pylon  
  18  1:16  Probe (Chrono Boost)  
  19  1:26  Probe (Chrono Boost)  
  19  1:28  Cybernetics Core  
  20  1:37  Probe (Chrono Boost)  
  21  1:45  Pylon  
  21  1:47  Probe (Chrono Boost)  
  21  1:54  Gateway  
  22  1:58  Probe (Chrono Boost)  
  23  2:07  Gateway  
  23  2:14  Mothership Core (Chrono Boost)  
  25  2:22  Stalker  
  27  2:45  Gateway  
  27  2:47  Gateway  
  27  2:56  Stalker  
  27  2:57  Stalker  
  31  3:14  Pylon  
  31  3:27  Stalker x2  
  31  3:34  Stalker  
  37  3:37  Stalker  
  39  3:57  Pylon  
  39  3:58  Pylon  
  39  4:02  Stalker  
  33  4:54  Stalker x4  
  35  5:24  Stalker x4  
  43  5:54  Stalker x3  
  36  6:21  Stalker  
  36  6:24  Stalker x3  
  42  6:51  Stalker  
  42  6:53  Stalker  
  42  6:54  Stalker x2  
  38  7:21  Stalker  
  38  7:23  Stalker  
  38  7:24  Stalker x2  
  34  7:51  Stalker  
  34  7:53  Stalker  
  34  7:54  Stalker x2  
  36  8:21  Stalker  
  36  8:23  Stalker x2  
  36  8:24  Adept  
  36  8:51  Adept x2  
  36  8:53  Adept  
  42  9:06  Stalker  
  44  9:18  Stalker x2  
  48  9:29  Stalker  
  50  9:36  Stalker  
  40  10:08  Stalker x2  
  40  10:09  Stalker  
Show
View Real Time Build Order
Export as new Build Order

Radcenzo Terran 

Build Orders: Liberator Opening, Reaper Expand 

Get SALT Encoding   

  12  0:01  SCV  
  13  0:13  SCV  
  14  0:18  Supply Depot  
  14  0:25  SCV  
  15  0:40  SCV  
  15  0:41  Barracks  
  16  0:47  Refinery  
  16  0:52  SCV  
  18  1:04  SCV  
  19  1:18  SCV  
  19  1:30  Supply Depot  
  19  1:31  Reaper, Orbital Command  
  20  1:51  Command Center  
  20  2:01  SCV  
  20  2:03  Marine  
  22  2:12  Factory  
  22  2:13  SCV  
  23  2:26  SCV  
  23  2:28  Refinery  
  24  2:34  Barracks Reactor  
  24  2:41  SCV  
  24  2:53  SCV  
  25  2:59  Starport  
  25  3:05  Orbital Command  
  25  3:08  Bunker  
  25  3:09  SCV  
  26  3:20  Hellion x2  
  26  3:22  Marine  
  26  3:25  Liberator, SCV  
  32  3:32  SCV  
  33  3:37  SCV  
  33  3:38  Supply Depot  
  37  3:48  Widow Mine  
  37  3:49  Widow Mine  
  37  3:51  Barracks Tech Lab  
  37  3:55  SCV x2  
  43  3:56  Barracks  
  36  4:40  Marauder  
  36  4:45  Liberator  
  33  4:53  SCV x2  
  33  4:56  Widow Mine  
  35  5:02  Marauder  
  35  5:05  Stimpack  
  40  5:07  Marine  
  40  5:22  Marine  
  40  5:24  SCV  
  40  5:26  SCV  
  43  5:31  Supply Depot  
  43  5:32  Supply Depot  
  43  5:41  Marauder  
  42  5:54  SCV x2  
  42  6:02  Liberator, Marauder, Orbital Command  
  43  6:09  Marine  
  34  6:24  Marauder  
  39  6:30  Widow Mine, Marine  
  35  6:45  Marauder  
  34  6:48  Marine  
  33  6:59  SCV  
  33  7:00  SCV  
  33  7:06  Marauder, Marine  
  34  7:20  SCV x2  
  33  7:24  Marine  
  28  7:38  Marauder  
  28  7:39  Widow Mine  
  28  7:41  Marine  
  31  7:59  Marauder, SCV x2, Marine  
  36  8:17  SCV x2  
  35  8:32  SCV x2  
  26  9:07  Marine x2  
  26  9:08  Widow Mine  
  29  9:10  Medivac  
  29  9:25  Marauder, Marine  
  22  9:55  SCV  
  22  9:56  SCV  
  24  10:06  Marine  
  25  10:09  SCV x2  
Tags
 
Add a new tag
Caveats
  • Supply blocks, unpowered buildings, or Contaminate may cause inaccurate times.
  • Supply counts are checked every 10 seconds.